 Dungeon Crawl Stone Soup version 0.20.1-1-g8b1a95d66d (webtiles) character file.

55745 NixNut the Executioner (level 14, -31/121 HPs)
             Began as a Minotaur Berserker on Dec 28, 2017.
             Was the Champion of Trog.
             Blown up by an orb spider (42 damage)
             ... with an orb of destruction
             ... on level 1 of the Spider Nest.
             The game lasted 02:29:55 (17223 turns).

NixNut the Executioner (Minotaur Berserker)        Turns: 17223, Time: 02:29:55

Health: -31/121    AC: 26    Str: 26    XL:     14   Next: 39%
Magic:  4/4        EV: 11    Int:  9    God:    Trog [******]
Gold:   1082       SH:  0    Dex: 11    Spells: 13/13 levels left

rFire    . . .     SeeInvis .   Z - +7 executioner's axe (antimagic)
rCold    + . .     Gourm    .   (shield currently unavailable)
rNeg     + . .     Faith    .   N - +5 pearl dragon scales
rPois    +         Spirit   .   T - +2 hat
rElec    .         Reflect  .   Y - +1 cloak {rPois}
rCorr    .         Harm     .   (no gloves)
MR       ++...     NoTele   +   w - +0 pair of boots
Stlth    ..........             i - amulet of regeneration
Regen    0.7/turn               h - ring of protection from cold
MPRegen  0.1/turn               R - ring "Usuiw" {-Tele rPois MR+ Int+5 Slay+1}

@: studying Fighting
A: retaliatory headbutt, horns 2
a: Berserk, Trog's Hand, Brothers in Arms, Burn Spellbooks, Renounce Religion


You were on level 1 of the Spider Nest.
You worshipped Trog.
Trog was exalted by your worship.
You were not hungry.

You visited 4 branches of the dungeon, and saw 20 of its levels.
You also visited: Sewer, Ossuary and Ice Cave.

You collected 1243 gold pieces.
You spent 161 gold pieces at shops.

Inventory:

Hand Weapons
 m - a +5 fustibalus of velocity
 A - a +4 antimagic broad axe
 V - a +5 battleaxe of freezing
 Z - a +7 antimagic executioner's axe (weapon)
Missiles
 g - 5 javelins of penetration (quivered)
Armour
 b - a +0 animal skin
 w - a +0 pair of boots (worn)
 H - a +2 plate armour of magic resistance
 N - +5 pearl dragon scales (worn)
 T - a +2 hat (worn)
 Y - a +1 cloak of poison resistance (worn)
Jewellery
 h - a ring of protection from cold (left hand)
 i - an amulet of regeneration (around neck)
 R - the ring "Usuiw" (right hand) {-Tele rPois MR+ Int+5 Slay+1}
   (You found it on level 6 of the Dungeon)

   [ring of slaying]

   It affects your intelligence (+5).
   It affects your accuracy and damage with ranged weapons and melee attacks
   (+1).
   It protects you from poison.
   It affects your resistance to hostile enchantments.
   It prevents most forms of teleportation.
Wands
 p - a wand of iceblast (8/15)
 y - a wand of digging (14/24)
 I - a wand of digging (13/24)
Scrolls
 a - 3 scrolls of random uselessness {unknown}
 d - 13 scrolls of teleportation
 l - 6 scrolls of identify
 q - 4 scrolls of fear
 u - a scroll of magic mapping
 x - 7 scrolls of remove curse
 G - a scroll of recharging
 M - 5 scrolls of blinking
Potions
 f - 4 potions of curing
 n - 2 potions of cancellation {unknown}
 o - 3 potions of flight
 r - 3 potions of degeneration {unknown}
 s - 3 potions of brilliance {unknown}
 z - 2 potions of haste {unknown}
 C - a potion of invisibility {unknown}
 D - a potion of might {unknown}
 E - 2 potions of heal wounds
 F - 3 potions of berserk rage {unknown}
 P - 2 potions of magic {unknown}
 Q - 2 potions of ambrosia {unknown}
 W - 2 potions of agility {unknown}
Books
 t - a manual of Fighting
Miscellaneous
 B - a lamp of fire
Comestibles
 c - 2 bread rations
 j - 16 royal jellies
 v - 20 fruits
 J - a meat ration


   Skills:
 - Level 10.0 Fighting
 * Level 23.1 Axes
 - Level 12.4 Armour
 - Level 2.1 Dodging
   Level 4.0 Shields


You had 13 spell levels left.
You didn't know any spells.

Dungeon Overview and Level Annotations

Branches:
Dungeon (12/15)            Temple (0/1) D:4            Lair (6/6) D:10
  Swamp (0/4) Lair:4       Spider (1/4) Lair:3        Slime (0/5) Lair:6
    Orc (1/2) D:11

Altars:
Nemelex Xobeh
Ru
Jiyva

Shops:
D:11 ?

Annotations:
Orc:1 Fannar


Innate Abilities, Weirdness & Mutations

You reflexively headbutt those who attack you in melee.
You have a pair of horns on your head.


Message History

The orb spider weaves a glowing orb of energy.
The orb spider pulsates with a strange energy.
An orb of destruction comes into view.
The orb of destruction hits you!
* * * LOW HITPOINT WARNING * * *
You see here a redback corpse.
You feel much better.
The orb spider spins a strand of pure energy.
The orb spider weaves a glowing orb of energy.
An orb of destruction comes into view.
The orb spider weaves a glowing orb of energy.
The orb of destruction hits you!
* * * LOW HITPOINT WARNING * * *
The orb spider begins to weave its threads into a brightly glowing ball.
An orb of destruction comes into view.
The orb spider weaves a glowing orb of energy.
An orb of destruction comes into view.
The orb spider begins to weave its threads into a brightly glowing ball.
The orb of destruction hits you!
You die...

^..## ####...#### # ##
#.#....#.. .#
.#####.†##>.#.# ^.##.
^......##...#.# ...#..#..#
.......###....####..#...#.#
#.
##.##.^#.......#.#..##.....
.#. #####..#..####....#..#
...####...
...^..#.....@##..# #.s#.#...
##...#.#...##.§#..###.*#...#
..#.#######..§§..#.#††#s.# #
..### ##...§§..##.§.##..$
...# #.....#.#§§.#†§....#
.#.# #.....##.##ss##.#...#
##..#.#..#^#....###..#
.....##..##.......# ##
##..#. ...#....#...#


You could see 2 orb spiders.

Vanquished Creatures
  The ghost of dracomuter the Transmogrifier, a journeyman DrTm of Okawaru (Lair:2)
  A fire dragon (D:11)
  7 hydras
  3 two-headed ogres
  A centaur warrior (D:10)
  A death yak (Lair:4)
  An unseen horror (D:10)
  The ghost of BreadTh the Eclecticist, a novice SpWz of Gozag (D:8)
  Pikel (D:5)
  The ghost of Merkknight the Frost Mage, a novice DESu of Dithmenos (Lair:1)
  A necromancer (IceCv)
  Maurice (D:8)
  2 manticores (D:12)
  2 elephants (Lair:4)
  Joseph (D:10)
  8 black mambas
  3 ice statues (IceCv)
  9 spiny frogs
  2 centaur skeletons
  4 ice devils (IceCv)
  11 komodo dragons
  9 polar bears (Lair:6)
  A troll (D:11)
  A hornet (D:8)
  A jumping spider (Spider:1)
  A raiju (Lair:6)
  3 blink frogs (Lair:3)
  7 dream sheep (Lair:6)
  6 hippogriffs
  5 redbacks (Spider:1)
  43 yaks
  2 tarantellas (Spider:1)
  Grum (D:10)
  3 basilisks
  A hungry ghost (D:10)
  8 wargs
  A steam dragon (Lair:4)
  6 swamp worms (Lair:4)
  8 water moccasins
  18 hell hounds
  Duvessa (D:7)
  9 porcupines
  An orc warrior (D:7)
  7 sky beasts
  13 black bears
  4 phantoms
  11 ice beasts
  2 slaves (D:5)
  5 ogres
  33 wolves
  7 centaurs
  6 crocodiles
  5 big kobolds
  12 bullfrogs
  A wyvern zombie (D:10)
  A wyvern skeleton (D:11)
  7 scorpions
  Dowan (D:7)
  A water moccasin skeleton (D:11)
  7 killer bees
  8 wights
  4 howler monkeys
  2 electric eels
  4 crimson imps
  3 draconian simulacra (IceCv)
  A quasit (D:9)
  2 bullfrog zombies
  9 hounds
  Crazy Yiuf (D:2)
  5 centaur zombies
  A bullfrog skeleton (D:6)
  3 orc priests
  A human zombie (Ossuary)
  6 jellies
  6 orc wizards
  An iguana (D:10)
  12 worker ants
  A spriggan simulacrum (IceCv)
  2 troll simulacra (IceCv)
  2 ogre zombies (Ossuary)
  8 mummies
  Robin (D:2)
  A worker ant zombie (D:8)
  3 gnolls (D:6)
  2 howler monkey skeletons
  3 ogre simulacra (IceCv)
  8 adders
  A naga simulacrum (IceCv)
  2 shadow imps
  An ooze (D:5)
  4 adder zombies
  2 adder skeletons
  5 worms
  11 dart slugs
  7 leopard geckos
  25 orcs
  11 giant cockroaches
  4 gnoll zombies (Ossuary)
  14 goblins
  10 hobgoblins
  16 jackals
  29 kobolds
  3 quokkas
  4 ball pythons
  6 bats
  2 frilled lizards
  5 goblin zombies (Ossuary)
  A hobgoblin zombie (Ossuary)
  2 kobold zombies (Ossuary)
  8 quokka zombies
  11 rats
  3 rat zombies (Ossuary)
  9 fungi
  7 plants
624 creatures vanquished.

Vanquished Creatures (collateral kills)
  A manticore (D:11)
  A crimson imp (D:11)
2 creatures vanquished.

Vanquished Creatures (others)
  An ogre (D:5)
  A scorpion (D:5)
  3 fungi
  11 plants
16 creatures vanquished.

Grand Total: 642 creatures vanquished

Notes
Turn   | Place    | Note
-------+----------+-------------------------------------------
     0 | D:1      | NixNut the Minotaur Berserker began the quest for the Orb.
     0 | D:1      | Reached XP level 1. HP: 19/19 MP: 0/0
   385 | D:1      | Reached XP level 2. HP: 24/26 MP: 1/1
   392 | D:1      | Reached skill level 4 in Axes
  1048 | D:2      | Found a faded altar of an unknown god.
  1064 | D:2      | Reached XP level 3. HP: 16/31 MP: 2/2
  1203 | D:2      | Found a sparkling altar of Nemelex Xobeh.
  1258 | D:2      | Reached ** piety under Trog
  1300 | D:2      | Noticed Robin
  1320 | D:2      | Reached skill level 5 in Axes
  1399 | D:2      | Killed Robin
  1399 | D:2      | Reached XP level 4. HP: 39/39 MP: 3/3
  1521 | D:2      | Found a runed door.
  1525 | D:2      | Noticed Crazy Yiuf
  1529 | D:2      | Killed Crazy Yiuf
  1529 | D:2      | Reached skill level 1 in Shields
  1593 | D:3      | Reached skill level 6 in Axes
  1778 | D:3      | Reached XP level 5. HP: 42/45 MP: 4/4
  1885 | D:3      | Found a sacrificial altar of Ru.
  2331 | D:4      | Reached skill level 7 in Axes
  2368 | D:4      | Reached *** piety under Trog
  2408 | D:4      | Found a staircase to the Ecumenical Temple.
  2447 | D:4      | Found a sand-covered staircase.
  2457 | Ossuary  | Entered an ossuary
  2461 | Ossuary  | Reached XP level 6. HP: 51/51 MP: 5/5
  2589 | Ossuary  | Reached skill level 8 in Axes
  2843 | Ossuary  | Reached XP level 7. HP: 55/57 MP: 6/6
  2859 | Ossuary  | Reached **** piety under Trog
  3456 | D:5      | Entered Level 5 of the Dungeon
  3469 | D:5      | Reached skill level 9 in Axes
  3632 | D:5      | Noticed Pikel
  3648 | D:5      | Killed Pikel
  3648 | D:5      | Reached skill level 11 in Axes
  3648 | D:5      | Reached XP level 8. HP: 10/64 MP: 7/7
  3973 | D:5      | Found a glowing drain.
  4007 | Sewer    | Entered a sewer
  4094 | Sewer    | Reached ***** piety under Trog
  4306 | D:5      | Reached skill level 12 in Axes
  4934 | D:6      | Reached skill level 13 in Axes
  4948 | D:6      | Reached XP level 9. HP: 62/70 MP: 8/8
  5008 | D:6      | Got a glittering copper ring
  5010 | D:6      | Identified the ring "Usuiw" {-Tele rPois MR+ Int+5 Slay+1} (You found it on level 6 of the Dungeon)
  5583 | D:7      | Noticed Duvessa
  5583 | D:7      | Noticed Dowan
  5588 | D:7      | Killed Dowan
  5591 | D:7      | Killed Duvessa
  5591 | D:7      | Reached skill level 14 in Axes
  5772 | D:7      | Reached skill level 15 in Axes
  5775 | D:7      | Received a gift from Trog
  6477 | D:7      | Reached XP level 10. HP: 42/77 MP: 9/9
  6772 | D:8      | Noticed BreadTh's ghost (novice SpWz)
  6787 | D:8      | Killed BreadTh's ghost
  6787 | D:8      | Reached skill level 16 in Axes
  6810 | D:8      | Noticed Maurice
  6828 | D:8      | Killed Maurice
  6828 | D:8      | Reached skill level 5 in Armour
  6865 | D:8      | Noticed a two-headed ogre
  6881 | D:8      | Killed a two-headed ogre
  7002 | D:8      | Noticed a two-headed ogre
  7008 | D:8      | Killed a two-headed ogre
  7207 | D:8      | Received a gift from Trog
  7605 | D:9      | Reached skill level 17 in Axes
  7669 | D:9      | Noticed a two-headed ogre
  7678 | D:9      | Killed a two-headed ogre
  7901 | D:9      | Reached XP level 11. HP: 73/82 MP: 3/10
  8327 | D:10     | Entered Level 10 of the Dungeon
  8345 | D:10     | Noticed a centaur warrior
  8376 | D:10     | Killed a centaur warrior
  8376 | D:10     | Reached skill level 18 in Axes
  8459 | D:10     | Noticed Joseph
  8462 | D:10     | Killed Joseph
  8474 | D:10     | Found a staircase to the Lair.
  8658 | D:10     | Noticed Grum
  8704 | D:10     | Killed Grum
  8830 | D:10     | Reached ****** piety under Trog
  8850 | D:10     | Received a gift from Trog
  8860 | D:10     | Killed an unseen horror
  9122 | D:10     | Reached skill level 19 in Axes
  9226 | D:11     | Found a staircase to the Orcish Mines.
  9229 | D:11     | Reached skill level 10 in Armour
  9360 | D:11     | Found Ras Dacu's Magic Scroll Shoppe.
  9375 | D:11     | Bought a scroll of identify for 28 gold pieces
  9375 | D:11     | Bought a scroll of identify for 28 gold pieces
  9375 | D:11     | Bought a scroll of enchant weapon for 105 gold pieces
  9444 | D:11     | Noticed a fire dragon
  9451 | D:11     | Killed a fire dragon
  9451 | D:11     | Reached XP level 12. HP: 91/91 MP: 3/11
  9832 | Orc:1    | Entered Level 1 of the Orcish Mines
  9832 | Orc:1    | Noticed Fannar
 10024 | Lair:1   | Entered Level 1 of the Lair of Beasts
 10059 | Lair:1   | Noticed Merkknight's ghost (novice DESu)
 10069 | Lair:1   | Killed Merkknight's ghost
 10069 | Lair:1   | Reached skill level 20 in Axes
 10259 | Lair:1   | Received a gift from Trog
 10873 | Lair:2   | Noticed a six-headed hydra
 10877 | Lair:2   | Reached skill level 5 in Fighting
 10888 | Lair:2   | Killed an 11-headed hydra
 11592 | Lair:2   | Noticed dracomuter's ghost (journeyman DrTm)
 11896 | Lair:2   | Killed dracomuter's ghost
 12000 | Lair:3   | Found a hole to the Spider Nest.
 12292 | Lair:3   | Reached XP level 13. HP: 47/104 MP: 4/12
 13013 | Lair:4   | Reached skill level 21 in Axes
 13319 | Lair:4   | Found a staircase to the Swamp.
 14568 | Lair:5   | Received a gift from Trog
 15285 | Lair:5   | Identified a scroll of acquirement
 15411 | Lair:6   | Entered Level 6 of the Lair of Beasts
 15537 | Lair:6   | Found a frozen archway.
 15561 | IceCv    | Entered an ice cave
 15804 | IceCv    | Reached skill level 22 in Axes
 15958 | Lair:6   | Found a staircase to the Slime Pits.
 15958 | Lair:6   | Found a viscous altar of Jiyva.
 16041 | Lair:6   | Reached XP level 14. HP: 119/119 MP: 4/13
 16214 | Lair:6   | Received a gift from Trog
 16245 | Lair:6   | Reached skill level 10 in Fighting
 16323 | Lair:6   | Received a gift from Trog
 16582 | Lair:6   | Reached skill level 23 in Axes
 17127 | Spider:1 | Entered Level 1 of the Spider Nest
 17213 | Spider:1 | HP: 4/121 [disintegration (35)]
 17223 | Spider:1 | Blown up by an orb spider

Skill      XL: |  1  2  3  4  5  6  7  8  9 10 11 12 13 14 |
---------------+-------------------------------------------+-----
Armour         | 3 7 10 11 12 | 12.4
Axes           | 4 5 6 7 8 11 13 15 17 19 20 22 23 | 23.1
Shields        | 1 2 3 4 |  4.0
Fighting       | 6 9 10 | 10.0
Dodging        | |  2.1

Action                   |  1- 3 |  4- 6 |  7- 9 | 10-12 | 13-15 || total
-------------------------+-------+-------+-------+-------+-------++-------
Melee: Hand axe          |    83 |    66 |       |       |       ||   149
       Headbutt          |    10 |    29 |    61 |    75 |   102 ||   277
       War axe           |       |    81 |   262 |       |       ||   343
       Battleaxe         |       |       |    59 |    48 |       ||   107
       Executioner's axe |       |       |       |   431 |   458 ||   889
Invok: Berserk           |     1 |     1 |     3 |     4 |     1 ||    10
       Trog's Hand       |       |     1 |       |       |       ||     1
       Burn Spellbooks   |       |       |     1 |     3 |       ||     4
       Brothers in Arms  |       |       |       |     1 |       ||     1
Evoke: Wand              |       |       |       |     2 |       ||     2
  Use: Scroll            |       |     4 |     7 |    24 |    10 ||    45
       Potion            |       |       |     2 |     2 |     7 ||    11
 Stab: Distracted        |       |     1 |       |       |       ||     1
  Eat: Meat ration       |     1 |     2 |     2 |     1 |       ||     6
       Bread ration      |       |       |     1 |     3 |     3 ||     7
       Royal jelly       |       |       |       |     1 |     1 ||     2
       Chunk             |       |       |       |     1 |     2 ||     3
Armor: Animal skin       |     4 |       |       |       |       ||     4
       Scale mail        |    17 |    32 |     7 |       |       ||    56
       Plate armour      |       |       |   147 |    21 |       ||   168
       Pearl dragon scal |       |       |       |   304 |   356 ||   660
       Skin              |       |       |       |       |    26 ||    26
Dodge: Dodged            |    42 |    51 |   112 |   229 |   299 ||   733
Block: Buckler           |     4 |    14 |    35 |       |       ||    53
